 Dungeon Crawl Stone Soup version 0.29.1-1-gd02db69 (webtiles) character file.

Game seed: 17685024595755594488

4226 Timinator the Martial Artist (level 9, 0/74 HPs)
             Began as a Demigod Transmuter on Jan 13, 2023.
             Slain by a yak (14 damage)
             ... on level 9 of the Dungeon.
             The game lasted 00:25:12 (11232 turns).

Timinator the Martial Artist (Demigod Transmuter)  Turns: 11232, Time: 00:25:12

Health: 0/74       AC:  9    Str: 15    XL:     9   Next: 83%
Magic:  24/24      EV: 15    Int: 15    God:
Gold:   243        SH:  0    Dex: 22    Spells: 5/12 levels left

rFire   + . .      SeeInvis .     - Unarmed
rCold   . . .      Faith    .   (no shield)
rNeg    . . .      Spirit   .   J - +3 leather armour {rF+}
rPois   .          Reflect  .   (helmet currently unavailable)
rElec   .          Harm     .   g - +0 cloak
rCorr   .          Rampage  .   u - +1 pair of gloves
Will    .....                   (boots currently unavailable)
Stlth   ++........              y - amulet of magic regeneration
HPRegen 0.22/turn               b - ring of flight
MPRegen 0.59/turn               d - ring of magical power

@: appendages, wereblooded (expiring), flying
A: horns 2, talons 2, high MP 1, forlorn, divine attributes
a: End Transformation


You were on level 9 of the Dungeon.
You had temporarily grown beastly horns and talons.
You visited 1 branch of the dungeon, and saw 9 of its levels.

You collected 398 gold pieces.
You spent 155 gold pieces at shops.

Inventory:

Missiles
 f - 12 poisoned darts (quivered)
 E - 4 curare-tipped darts
 F - 4 datura-tipped darts
Armour
 g - a +0 cloak (worn)
 n - a +0 helmet (melded)
 o - the +0 ring mail "Roaziot" {Rampage SInv}
   (You found it on level 2 of the Dungeon)

   SInv:      It lets you see invisible.
   Rampage:   It bestows one free step when moving towards enemies.
 u - a +1 pair of gloves (worn)
 H - a +1 leather armour of willpower
 J - a +3 leather armour of fire resistance (worn)
Jewellery
 b - a ring of flight (left hand)
 d - a ring of magical power (right hand)
 y - an amulet of magic regeneration (around neck)
Wands
 A - a wand of polymorph (9)
 G - a wand of quicksilver (10)
 L - a wand of roots (12)
 N - a wand of mindburst (16)
Scrolls
 a - 2 scrolls of magic mapping
 c - 11 scrolls of identify {unknown}
 e - 2 scrolls of enchant armour {unknown}
 h - 2 scrolls of amnesia {unknown}
 i - 6 scrolls of teleportation {unknown}
 j - 2 scrolls of vulnerability {unknown}
 l - a scroll of blinking {unknown}
 m - 2 scrolls of enchant weapon {unknown}
 r - a scroll of summoning {unknown}
 t - a scroll of immolation {unknown}
 x - 4 scrolls of noise {unknown}
 I - 2 scrolls of fear {unknown}
Potions
 k - 3 potions of curing {unknown}
 p - a potion of brilliance {unknown}
 q - a potion of might {unknown}
 s - 4 potions of berserk rage
 v - a potion of degeneration {unknown}
 w - 4 potions of heal wounds {unknown}
 z - a potion of flight {unknown}
 B - a potion of invisibility {unknown}
 C - a potion of haste {unknown}
 D - 3 potions of mutation {unknown}
 K - 2 potions of ambrosia {unknown}
 M - a potion of magic {unknown}


   Skills:
 * Level 5.6 Fighting
 - Level 3.0 Armour
 + Level 5.0 Dodging
 + Level 9.0 Unarmed Combat
 - Level 2.0 Spellcasting
 + Level 5.7 Transmutations
 - Level 3.0 Ice Magic


You had 5 spell levels left.
You knew the following spells:

 Your Spells              Type           Power      Damage    Failure   Level
a - Beastly Appendage     Tmut           36%        N/A       2%          1
b - Wereblood             Tmut           18%        N/A       4%          2
c - Ice Form              Ice/Tmut       14%        N/A       41%         4

Your spell library contained the following spells:

 Spells                   Type           Power      Damage    Failure   Level
 Sting                    Tmut/Pois      40%        1d5       9%          1
 Spider Form              Tmut/Pois      10%        N/A       26%         3
 Ignite Poison            Fire/Tmut/Pois 7%         N/A       36%         3
 Poisonous Vapours        Pois/Air       2%         N/A       38%         2
 Mephitic Cloud           Conj/Pois/Air  1%         N/A       63%         3
 Corpse Rot               Necr/Pois/Air  1%         N/A       95%         4
 Olgreb's Toxic Radiance  Pois           1%         N/A       95%         4
 Passage of Golubria      Tloc           1%         N/A       95%         4
 Freezing Cloud           Conj/Ice/Air   2%         6-21      99%         5
 Silence                  Hex/Air        0%         N/A       100%        5
 Lehudib's Crystal Spear  Conj/Erth      0%         10d2      100%        8


Dungeon Overview and Level Annotations

Branches:
Dungeon (9/15)             Temple (0/1) D:4            Lair (0/5) D:8
    Orc: D:9-12

Shops:
D:5 [   D:6 [*


Innate Abilities, Weirdness & Mutations

You have temporarily grown beastly horns and talons.
You have an increased reservoir of magic. (+10% MP)
You shall have no god before yourself.
Your divine heritage dramatically boosts your attributes as you level up.


Message History

You punch the yak!
You feel a bit better.
You kill the yak!
Your Dodging skill increases to level 5!
Your Unarmed Combat skill increases to level 9!
You barely miss the yak. You headbutt the yak!
The yak is moderately wounded.
The yak gores you but does no damage.
You hit the yak. You claw the yak. Your headbutt misses the yak.
You punch the yak.
The yak is heavily wounded.
You punch the yak! You claw the yak, but do no damage. You headbutt the yak.
The yak is almost dead.
The yak gores you but does no damage.
You hit the yak. You punch the yak.
The yak is almost dead.
The yak gores you but does no damage.
You closely miss the yak.
The yak is almost dead.
The yak gores you!
You hit the yak.
You feel a bit better.
You kill the yak!
You hit the yak.
The yak is lightly wounded.
Your primal bloodlust is almost over.
The yak gores you!
* * * LOW HITPOINT WARNING * * *
You hit the yak. You claw the yak.
The yak is moderately wounded.
You hit the yak.
The yak is heavily wounded.
The yak gores you.
* * * LOW HITPOINT WARNING * * *
You barely miss the yak. You claw the yak, but do no damage.
You headbutt the yak!
The yak is severely wounded.
The yak completely misses you.
You closely miss the yak. Your kick misses the yak.
The yak is severely wounded.
The yak gores you!
You die...

#........#
#.#
..>......#
##.#
#..#######
#..# #..#
#.## ...#
#.# ####
####### #.#
....... ##.#
Y..#...##..#
.......Y@.##
...#...####
....... #
####### # #
# # #


You could see a yak.

Vanquished Creatures
  Joseph (D:8)
  4 yaks (D:9)
  2 steam dragons
  2 water moccasins
  4 orc warriors
  A sky beast (D:8)
  An ice beast (D:5)
  A black bear (D:8)
  A centaur (D:9)
  4 phantoms
  A kobold brigand (D:6)
  6 bullfrogs
  A gnoll sergeant (D:7)
  4 scorpions
  3 electric eels (D:8)
  6 orc priests
  2 hounds
  5 iguanas
  Terence (D:2)
  Natasha (thrice) (D:3)
  7 orc wizards
  Robin (D:4)
  3 gnolls
  13 adders
  2 ufetubi
  2 worms
  A dart slug (D:1)
  36 orcs
  6 ball pythons
  7 bats
  3 endoplasms
  4 giant cockroaches
  13 goblins
  6 hobgoblins
  4 jackals (D:3)
  5 quokkas
  5 frilled lizards
  10 kobolds
  12 rats
193 creatures vanquished.

Vanquished Creatures (others)
  An orc wizard (D:3)
  6 fungi (D:8)
  25 plants
32 creatures vanquished.

Grand Total: 225 creatures vanquished

Notes
Turn   | Place    | Note
-------+----------+-------------------------------------------
     0 | D:1      | Timinator the Demigod Transmuter began the quest for the
                  | Orb.
     0 | D:1      | Reached XP level 1. HP: 15/15 MP: 5/5
     6 | D:1      | Noticed a swamp drake
     6 | D:1      | Noticed a snapping turtle
     7 | D:1      | Noticed a scorpion
   243 | D:1      | Reached skill level 1 in Fighting
   515 | D:1      | Reached skill level 3 in Unarmed Combat
   529 | D:1      | Reached XP level 2. HP: 23/23 MP: 5/7
  1656 | D:2      | Reached XP level 3. HP: 28/28 MP: 8/8
  1673 | D:2      | Reached skill level 1 in Armour
  1891 | D:2      | Identified the +0 ring mail "Roaziot" {Rampage SInv}
  1953 | D:2      | Noticed Terence
  1966 | D:2      | Killed Terence
  1967 | D:2      | Reached XP level 4. HP: 24/35 MP: 7/9
  2366 | D:3      | Learned a level 2 spell: Wereblood
  2393 | D:3      | Learned a level 4 spell: Ice Form
  2753 | D:3      | Noticed Natasha
  2773 | D:3      | Killed Natasha
  3023 | D:3      | Reached XP level 5. HP: 39/41 MP: 8/10
  3084 | D:3      | Noticed Natasha
  3096 | D:3      | Killed Natasha
  3458 | D:3      | Noticed Natasha
  3461 | D:3      | Killed Natasha
  3462 | D:3      | Reached skill level 4 in Unarmed Combat
  3918 | D:4      | Reached XP level 6. HP: 48/50 MP: 9/11
  4071 | D:4      | Noticed Robin
  4102 | D:4      | Killed Robin
  4151 | D:4      | Found a staircase to the Ecumenical Temple.
  4563 | D:5      | Entered Level 5 of the Dungeon
  4792 | D:5      | Reached XP level 7. HP: 44/56 MP: 13/13
  4890 | D:5      | Reached skill level 5 in Unarmed Combat
  5242 | D:5      | Found Cuog's Armour Emporium.
  5353 | D:5      | Noticed a steam dragon
  5363 | D:5      | Killed a steam dragon
  5364 | D:5      | Reached skill level 1 in Ice Magic
  5460 | D:5      | Reached skill level 6 in Unarmed Combat
  5587 | D:5      | Reached XP level 8. HP: 50/66 MP: 14/14
  6015 | D:6      | Found Zin's Purification Station.
  6203 | D:6      | Found Gawagooc's Antique Armour Shoppe.
  6219 | D:6      | Bought a dyed leather armour for 155 gold pieces
  7246 | D:6      | Reached skill level 7 in Unarmed Combat
  7866 | D:8      | Noticed Joseph
  7879 | D:8      | Killed Joseph
  7881 | D:8      | Reached XP level 9. HP: 72/72 MP: 15/15
  8284 | D:8      | Reached skill level 5 in Transmutations
  9473 | D:8      | Identified the +5 leather armour "Qucas" {-Cast rN+ rCorr}
  9492 | D:8      | Found a staircase to the Lair.
  9518 | D:8      | Reached skill level 5 in Fighting
  9518 | D:8      | Reached skill level 8 in Unarmed Combat
 11222 | D:9      | Reached skill level 5 in Dodging
 11222 | D:9      | Reached skill level 9 in Unarmed Combat
 11232 | D:9      | Slain by a yak

Illustrated notes

Levels and vault maps discovered:
D:1:      onia_arrival_zoo_common, layout_basic,
          shapermc_ecumenical_altar_mp_vishouse, minmay_statues_item,
          reono_crystal_passage, minmay_rat_gold_closets
D:2:      layout_rooms, uniq_terence
D:3:      layout_basic, uniq_natasha
D:4:      layout_rooms, minmay_temple_entry_offerings, chequers_big_river,
          uniq_robin
D:5:      layout_loops_ring, serial_shops, nicolae_stop_n_shop_1
D:6:      layout_loops_corners, zin_purify, lemuel_crystal_altar, serial_shops,
          shop
D:7:      layout_basic
D:8:      layout_loops_ring, grunt_lair_entry_orc_guard_hut, serial_bayou,
          serial_bayou_lake_a, serial_bayou_shore_a, serial_bayou_pond_e,
          serial_bayou_pond_a, serial_park_tiny_2, uniq_joseph
D:9:      layout_loops_ring, lemuel_coloured_pillars_altar,
          gammafunk_temple_overflow_wave

Skill      XL: |  1  2  3  4  5  6  7  8  9 |
---------------+----------------------------+-----
Fighting       | 1 2 3 4 5 |  5.6
Unarmed Combat | 3 4 6 7 9 |  9.0
Spellcasting   | 2 |  2.0
Dodging        | 2 3 4 5 |  5.0
Transmutations | 2 3 4 5 |  5.7
Armour         | 1 2 3 |  3.0
Ice Magic      | 1 3 |  3.0

Action                   |  1- 3 |  4- 6 |  7- 9 || total
-------------------------+-------+-------+-------++-------
Melee: Unarmed           |   136 |   250 |   403 ||   789
       Kick              |    13 |    58 |   115 ||   186
       Headbutt          |     7 |    28 |    67 ||   102
       Punch             |     4 |     4 |    18 ||    26
Throw: Dart              |       |       |    15 ||    15
 Cast: Beastly Appendage |    22 |    32 |    46 ||   100
       Wereblood         |       |     9 |     9 ||    18
  Use: Potion            |     1 |       |     2 ||     3
       Scroll            |     1 |       |       ||     1
 Stab: Sleeping          |     1 |       |       ||     1
       Distracted        |       |     1 |       ||     1
Armor: Robe              |    14 |       |       ||    14
       Leather armour    |    39 |    52 |     6 ||    97
       Skin              |     2 |     6 |    12 ||    20
       Ring mail         |       |    34 |   101 ||   135
Dodge: Dodged            |    99 |   143 |   207 ||   449
